 Dungeon Crawl Stone Soup version 0.30-a0-1124-g6e8f0f562f (webtiles) character file.

Game seed: 15863326939395824627

380 dave1331 the Trooper (level 7, 0/55 HPs)
             Began as a Human Fighter on Apr 24, 2023.
             Was a Follower of Okawaru.
             Killed from afar by Blork the orc (6 damage)
             ... with a magic dart
             ... on level 5 of the Dungeon.
             The game lasted 00:10:43 (2905 turns).

dave1331 the Trooper (Human Fighter)                Turns: 2905, Time: 00:10:44

Health: 0/55       AC:  7    Str: 18    XL:     7   Next: 4%
Magic:  7/7        EV:  6    Int:  8    God:    Okawaru [*.....]
Gold:   225        SH: 13    Dex: 13    Spells: 6/6 levels left

rFire   . . .        i - +2 short sword (venom)
rCold   . . .        l - +0 tower shield
rNeg    . . .        b - +0 scale mail
rPois   +            (no helmet)
rElec   .            (no cloak)
rCorr   .            (no gloves)
SInv    .            (no boots)
Will    .....        (no amulet) Stlth
                     g - ring of poison resistance
HPRegen 0.29/turn    (no ring)
MPRegen 0.10/turn

%: no passive effects
@: no status effects
A: no striking features
a: Renounce Religion, Heroism


You were on level 5 of the Dungeon.
You worshipped Okawaru.
Okawaru was aware of your devotion.
You visited 1 branch of the dungeon, and saw 5 of its levels.
You visited the Abyss 1 time.

You collected 225 gold pieces.

Inventory:

Hand Weapons
 a - a +0 trident
 i - a +2 short sword of venom (weapon)
Armour
 b - a +0 scale mail (worn)
 c - a +0 buckler
 l - a +0 tower shield (worn)
Jewellery
 g - a ring of poison resistance (left hand)
 m - a ring of resist corrosion
 o - an amulet of the acrobat
Scrolls
 h - 6 scrolls of identify {unknown}
 j - 3 scrolls of amnesia {unknown}
 n - 4 scrolls of teleportation {unknown}
 p - a scroll of fog {unknown}
 r - a scroll of noise {unknown}
 s - a scroll of immolation {unknown}
Potions
 d - a potion of might
 e - 4 potions of curing {unknown}
 f - a potion of degeneration {unknown}
 k - a potion of lignification {unknown}
 q - a potion of cancellation {unknown}


   Skills:
 + Level 4.4 Fighting
 + Level 3.8 Polearms
 + Level 4.4 Armour
 + Level 4.4 Shields


You had 6 spell levels left.
You didn't know any spells.
Your spell library contained the following spells:

 Spells                   Type           Power      Damage    Failure   Level
 Blink                    Tloc           0%         N/A       100%        2
 Lesser Beckoning         Tloc           0%         N/A       100%        2
 Momentum Strike          Conj/Tloc      0%         3d8       100%        2
 Portal Projectile        Hex/Tloc       0%         N/A       100%        3
 Blade Hands              Tmut           0%         N/A       100%        5
 Tukima's Dance           Hex            Unusable   N/A       N/A         3

Dungeon Overview and Level Annotations

Branches:
Dungeon (5/15)             Temple (0/1) D:4

Altars:
Okawaru
Xom

Annotations:
D:4 3 runed translucent doors, LustLizard's ghost, amateur DEAE; avangion's ghost, amateur GnCA; kougar's ghost, novice GrEE; mnelsen79's ghost, amateur HOMo
D:5 Blork the orc


Message History

You are cast into the Abyss!
This branch contains the abyssal rune of Zot.
Found a gateway leading out of the Abyss.
There is a gateway leading out of the Abyss here.
You pass through the gate.
Welcome back to the Dungeon!
Level annotation: Blork the orc Blork the orc looks satisfied for a moment.
The kobold hits you with a +0 dagger.
* * * LOW HITPOINT WARNING * * *
The kobold closely misses you. The kobold hits you with a +0 dagger.
* * * LOW HITPOINT WARNING * * *
The kobold hits you but does no damage.
You blink.
You hit the kobold but do no damage.
The kobold is poisoned.
The kobold barely misses you.
Blork the orc hits you but does no damage.
You hit the kobold but do no damage.
The kobold looks even sicker.
The kobold is moderately wounded.
Blork the orc hits you with a +0 short sword.
* * * LOW HITPOINT WARNING * * *
You block the kobold's attack.
Blork the orc hits you with a +0 short sword.
* * * LOW HITPOINT WARNING * * *
Okawaru accepts your kill.
You feel a bit more experienced.
Blork the orc suddenly complains.
Blork the orc looks satisfied for a moment.
Blork the orc points at you and mumbles some strange words.
The puff of flame hits you.
* * * LOW HITPOINT WARNING * * *
Found a stone staircase leading down.
You block Blork the orc's attack.
Blork the orc points at you and mumbles some strange words.
The puff of flame misses you.
Blork the orc casts a cantrip, but nothing happens.
The kobold throws a stone.
The stone barely misses you. Blork the orc attacks as you move away!
You block Blork the orc's attack. Blork the orc casts a spell at you.
The magic dart hits you.
You die...

#.......... ..##. #....... #.####
..#.####.....# #..).###
.............####.).K.###
.................)..K♣K.##
...........(####.#.KK♣K##
...<..>.!..# #.#.K?...# #
#..#...?.#####.###♣K.♣♣
...####).#......@.o..KKKK.K.♣
............†..####..K.###♣......
.#.###.#.####### #....# ......
.......#..# .....##♣ .....
###....##.# #...... .♣...
..#.....#.# #......# ....
..##......# #....... ....
..##....### ...>.....
..#.....#######


You could see Blork the orc (fast) and 4 kobolds.

Vanquished Creatures
  A kobold brigand (D:5)
  A jelly (D:4)
  2 hounds (D:5)
  An orc priest (D:3)
  A sleepcap (D:4)
  7 adders
  A white imp (D:5)
  2 ufetubi
  A dart slug (D:4)
  5 orcs
  3 endoplasms
  5 giant cockroaches
  5 goblins
  5 hobgoblins
  4 jackals
  5 quokkas
  6 ball pythons
  5 bats
  9 frilled lizards
  17 kobolds
  A rat (D:2)
87 creatures vanquished.

Vanquished Creatures (others)
  44 plants
  2 withered plants (D:4)
46 creatures vanquished.

Grand Total: 133 creatures vanquished

Notes
Turn   | Place    | Note
-------+----------+-------------------------------------------
     0 | D:1      | dave1331 the Human Fighter began the quest for the Orb.
     0 | D:1      | Reached XP level 1. HP: 18/18 MP: 1/1
   128 | D:1      | Reached XP level 2. HP: 24/24 MP: 2/2
   460 | D:1      | Reached XP level 3. HP: 27/29 MP: 3/3
   918 | D:2      | Reached XP level 4. HP: 35/35 MP: 4/4
  1463 | D:3      | Found an iron altar of Okawaru.
  1482 | D:3      | Became a worshipper of Warmaster Okawaru
  1631 | D:3      | Reached XP level 5. HP: 16/42 MP: 5/5
  1895 | D:4      | Found a runed translucent gate.
  1895 | D:4      | Found a runed translucent gate.
  1895 | D:4      | Found a runed translucent gate.
  1897 | D:4      | Noticed avangion's ghost (amateur GnCA)
  1897 | D:4      | Noticed mnelsen79's ghost (amateur HOMo)
  1897 | D:4      | Noticed LustLizard's ghost (amateur DEAE)
  1897 | D:4      | Noticed kougar's ghost (novice GrEE)
  2038 | D:4      | Found a staircase to the Ecumenical Temple.
  2081 | D:4      | Reached XP level 6. HP: 6/48 MP: 6/6
  2341 | D:4      | Found a shimmering altar of Xom.
  2619 | D:5      | Entered Level 5 of the Dungeon
  2824 | D:5      | Reached * piety under Okawaru
  2825 | D:5      | Reached XP level 7. HP: 35/55 MP: 7/7
  2866 | D:5      | Noticed Blork the orc
  2884 | Abyss:1  | Cast into level 1 of the Abyss (kobold)
  2893 | D:5      | Escaped the Abyss
  2905 | D:5      | Killed from afar by Blork the orc

Illustrated notes

Levels and vault maps discovered:
D:1:      minmay_arrival_five_plusses, layout_rooms, nicolae_eternal_life
D:2:      layout_rooms
D:3:      layout_basic, okawaru_trees_1
D:4:      layout_cave_pools, mainiacjoe_overflow_small_starburst,
          minmay_temple_entry_wispy, gammafunk_ghost_cemetery
D:5:      kennysheep_kobold_camp, layout_rooms, uniq_blork_the_orc

Skill      XL: |  1  2  3  4  5 |
---------------+----------------+-----
Polearms       | 3 |  3.8
Shields        | 4 |  4.4
Fighting       | 4 |  4.4
Armour         | 4 |  4.4

Action                     |  1- 3 |  4- 6 |  7- 9 || total
---------------------------+-------+-------+-------++-------
  Melee: Trident           |    79 |       |       ||    79
         Short sword       |    26 |   165 |    21 ||   212
 Armour: Scale mail        |    66 |    75 |    27 ||   168
  Dodge: Dodged            |    56 |    34 |     9 ||    99
  Block: Buckler           |    27 |       |       ||    27
         Tower shield      |       |   129 |    29 ||   158

Table legend: (Time is in decaauts)
 A = Elapsed time spent in this place.
 B = Non-inter-level travel time spent in this place.
 C = Inter-level travel time spent in this place.
 D = Time resting spent in this place.
 E = Time spent auto-exploring this place.
 F = Levels seen in this place.
 G = Mean time per level.
                   A        B        C        D        E       F      G
               +--------+--------+--------+--------+--------+-----+--------+
         Total |   2982 |   2855 |    127 |      0 |   2127 |   6 |  497.0 |
       Dungeon |   2973 |   2846 |    127 |      0 |   2127 |   5 |  594.6 |
         Abyss |      9 |      9 |      0 |      0 |      0 |   1 |    9.0 |
               +--------+--------+--------+--------+--------+-----+--------+

Top non-repeatable levels by time:
     D:4: 803 daAuts
     D:2: 689 daAuts
     D:1: 607 daAuts
     D:3: 575 daAuts
     D:5: 297 daAuts
 Abyss:1: 9 daAuts
